AoeStats
← JamesNewstedd

Hideout

508084827Analyzed
1v1 RM · 10d ago on Sep 20, 2026· 46m 32s· 2 players
Game mode
Random Map
Map size
Tiny (2 player)
Population
200
Speed
Normal
Resources
Standard
Victory
Conquest
Starting age
Dark Age
Ending age
Imperial Age
RankedLock teamsTeams togetherTeam positionsShared explorationLock speedFull tech treeHidden civsTurbo modeCheats
Victory
Defeat
🇩🇪 Vikings · Germany
1805
+17
🇨🇭 Slavs · Switzerland
1835
-17
JamesNewstedd
6:42 Loom
8:44 Feudal Age
8:55 Man-at-Arms
9:25 Double-Bit Axe
12:05 Arson
19:20 Castle Age
17:37 Horse Collar
19:25 Stone Mining
20:17 Bow Saw
22:43 Heavy Plow
32:17 Imperial Age
29:38 Gold Mining
30:11 Town Watch
30:34 Scale Mail Armor
30:39 Squires
31:39 Gold Shaft Mining
31:38 Gambesons
31:19 Long Swordsman
32:21 Elite Berserk
33:21 Conscription
34:00 Chain Mail Armor
35:45 Plate Mail Armor
35:36 Chieftains
37:33 Forging
38:48 Iron Casting
40:19 Fletching
41:29 Blast Furnace
41:44 Guard Tower
41:51 Bodkin Arrow
43:43 Bracer
44:45 Chemistry
43:26 Treadmill Crane
RiffRaff
4:52 Loom
10:24 Feudal Age
14:44 Castle Age
18:28 Double-Bit Axe
20:37 Bow Saw
21:48 Wheelbarrow
22:27 Wheelbarrow
25:12 Horse Collar
28:56 Imperial Age
27:54 Scale Barding Armor
29:10 Onager
30:34 Chain Barding Armor
32:15 Plate Barding Armor
33:24 Hand Cart
32:54 Town Watch
33:10 Heavy Plow
34:31 Conscription
35:18 Conscription
34:24 Elite Boyar
37:16 Scale Mail Armor
37:26 Forging
38:20 Druzhina
38:10 Man-at-Arms
38:50 Squires
39:51 Iron Casting
39:31 Chain Mail Armor
38:49 Long Swordsman
39:27 Two-Handed Swordsman
40:11 Fletching
39:53 Capped Ram
41:20 Champion
41:38 Siege Ram
42:45 Bodkin Arrow
43:50 Blast Furnace
43:21 Plate Mail Armor
45:34 Plate Mail Armor
Connection lost

Rejoining the realm…

Still unreachable

The connection could not be restored.

Session expired

The server has moved on; the page needs a fresh start.